 Dungeon Crawl Stone Soup version 0.30-a0-639-g3916f1956a (webtiles) character file.

Game seed: 7323596421833284438

989 Mitcholas the Skirmisher (level 7, -6/35 (42) HPs)
             Began as a Deep Elf Hunter on Jan 16, 2023.
             Mangled by a wight
             ... wielding a +0 long sword
              (9 damage)
             ... on level 6 of the Dungeon.
             The game lasted 00:07:26 (3664 turns).

Mitcholas the Skirmisher (Deep Elf Hunter)          Turns: 3664, Time: 00:07:27

HP:   -6/35 (42)    AC:  4    Str:  8    XL:     7   Next: 98%
MP:   9/9           EV: 14    Int: 14    God:
Gold: 216           SH:  0    Dex: 20    Spells: 6/6 levels left

rFire   + . .      SeeInvis .    a - +0 shortbow
rCold   . . .      Faith    .    (shield currently unavailable)
rNeg    . . .      Spirit   .    c - +0 leather armour
rPois   .          Reflect  .    (no helmet)
rElec   .          Harm     .    (no cloak)
rCorr   .          Rampage  .    (no gloves)
Will    .....                    d - +0 pair of boots
Stlth   +++                      (no amulet)
HPRegen 0.25/turn                u - ring of protection from fire
MPRegen 0.11/turn                i - ring of wizardry

@: heavily drained
A: no striking features
a: no special abilities


You were on level 6 of the Dungeon.
You visited 1 branch of the dungeon, and saw 6 of its levels.

You collected 216 gold pieces.

Inventory:

Hand Weapons
 a - a +0 shortbow (weapon)
Armour
 c - a +0 leather armour (worn)
 d - a +0 pair of boots (worn)
Jewellery
 i - a ring of wizardry (right hand)
 u - a ring of protection from fire (left hand)
 w - a +6 ring of strength
Scrolls
 b - a scroll of immolation
 e - 8 scrolls of identify {unknown}
 g - a scroll of enchant armour {unknown}
 h - 2 scrolls of noise {unknown}
 j - 2 scrolls of fog {unknown}
 o - a scroll of vulnerability {unknown}
 q - a scroll of teleportation {unknown}
 r - 2 scrolls of poison {unknown}
 v - a scroll of blinking {unknown}
Potions
 f - 2 potions of resistance {unknown}
 k - 2 potions of heal wounds {unknown}
 l - 4 potions of curing
 m - 4 potions of haste {unknown}
 n - 3 potions of mutation {unknown}
 p - 2 potions of flight {unknown}
 s - a potion of lignification {unknown}
 t - a potion of attraction {unknown}


   Skills:
 + Level 3.7 Fighting
 * Level 9.4 Ranged Weapons
 + Level 5.4 Dodging
 - Level 5.0 Stealth


You had 6 spell levels left.
You didn't know any spells.
Your spell library contained the following spells:

 Spells                   Type           Power      Damage    Failure   Level
 Ensorcelled Hibernation  Hex/Ice        0%         N/A       26%         2
 Spider Form              Tmut/Pois      0%         N/A       43%         3
 Tukima's Dance           Hex            0%         N/A       43%         3
 Anguish                  Hex/Necr       0%         N/A       82%         4
 Passage of Golubria      Tloc           0%         N/A       82%         4
 Yara's Violent Unravell  Hex/Tmut       0%         3d3       98%         5


Dungeon Overview and Level Annotations

Branches:
Dungeon (6/15)
 Temple: D:4-7

Altars:
Cheibriados
Trog

Shops:
D:2 =   D:4 =

Annotations:
D:2 1 runed translucent door, Crazy Yiuf
D:5 Prince Ribbit


Message History

There is a stone staircase leading up here.
You climb upwards.
Level annotation: Prince Ribbit
There is a stone staircase leading down here.
You start resting.
HP restored.
You climb downwards.
A wight comes into view. It is wielding a +3 long sword.
There is a stone staircase leading up here.
You shoot an arrow.
The arrow hits the wight but does no damage.
The wight hits you with a +0 long sword!
You shoot an arrow.
The arrow hits the wight but does no damage.
The wight hits you with a +0 long sword!
You feel drained.
The wight hits you with a +0 long sword.
You feel drained.
The wight hits you with a +3 long sword!
* * * LOW HITPOINT WARNING * * *
You feel drained.
* * * LOW HITPOINT WARNING * * *
You are too injured to fight recklessly!
You are too injured to fight recklessly!
You are too injured to fight recklessly!
You are too injured to fight recklessly!
You are too injured to fight recklessly!
You are too injured to fight recklessly!
You are too injured to fight recklessly!
You are too injured to fight recklessly!
You are too injured to fight recklessly!
You are too injured to fight recklessly!
The wight hits you with a +0 long sword.
* * * LOW HITPOINT WARNING * * *
You feel drained.
* * * LOW HITPOINT WARNING * * *
The wight attacks as you move away! The wight closely misses you.
The wight attacks as you move away!
The wight hits you with a +0 long sword!
You die...

..#. ........S
...... .....#)#
#...... ...#...##
#.
....####.(.....#
#.........)......#
#..##.###$....#
.......#z#.####..
#...zz#.#.....
###@#.....#
#.#.....#
....#.......
.....#.......
...........#....
....<...........
....#............
.......[#.#.##..


You could see 3 wights.

Vanquished Creatures
  A black bear (D:4)
  An ogre (D:3)
  2 centaurs
  A phantom (D:4)
  A kobold brigand (D:6)
  3 scorpions
  A wight (D:6)
  A hound (D:5)
  2 orc priests
  An iguana (D:5)
  An orc wizard (D:4)
  6 adders
  An ufetubus (D:4)
  2 worms
  6 orcs
  5 ball pythons
  5 endoplasms
  3 giant cockroaches
  5 hobgoblins
  6 jackals
  2 quokkas
  7 bats
  5 frilled lizards
  4 goblins
  13 kobolds
  6 rats
91 creatures vanquished.

Notes
Turn   | Place    | Note
-------+----------+-------------------------------------------
     0 | D:1      | Mitcholas the Deep Elf Hunter began the quest for the Orb.
     0 | D:1      | Reached XP level 1. HP: 12/12 MP: 3/3
   243 | D:1      | Reached XP level 2. HP: 12/17 MP: 4/4
   286 | D:1      | Found a faded altar of an unknown god.
   966 | D:2      | Reached XP level 3. HP: 21/21 MP: 5/5
  1146 | D:2      | Found a runed translucent door.
  1147 | D:2      | Noticed Crazy Yiuf
  1229 | D:2      | Found Coajon's Jewellery Boutique.
  1322 | D:2      | Reached skill level 6 in Ranged Weapons
  1481 | D:3      | Noticed a centaur
  1503 | D:3      | Killed a centaur
  1504 | D:3      | Reached XP level 4. HP: 22/27 MP: 6/6
  1504 | D:3      | Reached XP level 5. HP: 25/31 MP: 7/7
  1772 | D:3      | Noticed an ogre
  1787 | D:3      | Killed an ogre
  1788 | D:3      | Reached skill level 7 in Ranged Weapons
  1949 | D:4      | Found Jeym's Jewellery Shoppe.
  2007 | D:4      | Found a snail-covered altar of Cheibriados.
  2158 | D:4      | Reached XP level 6. HP: 34/36 MP: 8/8
  2546 | D:4      | Reached skill level 8 in Ranged Weapons
  2883 | D:4      | Reached XP level 7. HP: 19/41 MP: 9/9
  3072 | D:5      | Entered Level 5 of the Dungeon
  3231 | D:5      | Found a bloodstained altar of Trog.
  3303 | D:4      | Reached skill level 5 in Dodging
  3482 | D:5      | Noticed Prince Ribbit
  3547 | D:6      | Reached skill level 9 in Ranged Weapons
  3547 | D:6      | Reached skill level 5 in Stealth
  3664 | D:6      | Mangled by a wight

Illustrated notes

Levels and vault maps discovered:
D:1:      matt_arrival_spirals, layout_loops_ring,
          hellmonk_ecumenical_altar_lost_god
D:2:      layout_basic, serial_glass, glass_columns_a, glass_columns_a,
          serial_shops, shop, uniq_crazy_yiuf_cottage
D:3:      layout_rooms
D:4:      layout_loops_ring, nicolae_overflow_crystal_walls, serial_shops,
          nicolae_stop_n_shop_1, small_statue_intersection,
          minmay_misc_feat_tower, hangedman_decor_push
D:5:      layout_loops_ring, lemuel_crystal_altar, minmay_misc_feat_hallway,
          uniq_prince_ribbit1, uniq_duvessa, uniq_pikel
D:6:      layout_cave_pools, gammafunk_temple_overflow_statue, temple_fountains,
          serial_glass, glass_columns_a, glass_columns_b, st_stairs_8

Skill      XL: |  1  2  3  4  5  6  7 |
---------------+----------------------+-----
Stealth        | 2 3 4 5 |  5.0
Fighting       | 2 3 |  3.7
Dodging        | 3 4 5 |  5.4
Ranged Weapons | 6 7 8 9 |  9.4

Action                   |  1- 3 |  4- 6 |  7- 9 || total
-------------------------+-------+-------+-------++-------
 Fire: Shortbow          |   116 |   131 |    78 ||   325
Armor: Leather armour    |    14 |    14 |    10 ||    38
Dodge: Dodged            |    47 |    53 |    44 ||   144

Table legend: (Time is in decaauts)
 A = Elapsed time spent in this place.
 B = Non-inter-level travel time spent in this place.
 C = Inter-level travel time spent in this place.
 D = Time resting spent in this place.
 E = Time spent auto-exploring this place.
 F = Levels seen in this place.
 G = Mean time per level.
                   A        B        C        D        E       F      G
               +--------+--------+--------+--------+--------+-----+--------+
         Total |   3730 |   3462 |    268 |    759 |   2057 |   6 |  621.7 |
       Dungeon |   3730 |   3462 |    268 |    759 |   2057 |   6 |  621.7 |
               +--------+--------+--------+--------+--------+-----+--------+

Top non-repeatable levels by time:
     D:4: 1369 daAuts
     D:1: 842 daAuts
     D:2: 655 daAuts
     D:3: 490 daAuts
     D:5: 283 daAuts
     D:6: 88 daAuts
